Construct Section Command Post
Selects Indian Artillery Battlegroup
Selects Towed ML 4.2-inch Heavy Mortar
Towed ML 4.2-inch Heavy Mortar
Construct Platoon Command Post
Construct Company Command Post
6-pounder Anti-tank Gun Team
6-pounder Anti-tank Gun Team
Selects Gurkha Rifles Section
Selects Volunteer Infantry
Selects Off-map Airburst Barrage
Selects BL5.5 Artillery Emplacement
Unlock M3 Grant Medium Tanks